 Dungeon Crawl Stone Soup version 0.31-a0-844-gdc52ec4e09 (webtiles) character file.

Game seed: 13514408632572103346

639 Kurtz the Chopper (level 7, 0/46 HPs)
             Began as an Octopode Fighter on Sept 30, 2023.
             Slain by an orc wizard
             ... wielding a +0 dagger
              (1 damage)
             ... on level 5 of the Dungeon.
             The game lasted 00:02:13 (3685 turns).

Kurtz the Chopper (Octopode Fighter)                Turns: 3685, Time: 00:02:14

Health: 0/46       AC:  1    Str: 16    XL:     7   Next: 51%
Magic:  7/7        EV: 13    Int: 10    God:
Gold:   179        SH:  5    Dex: 13    Spells: 6/6 levels left

rFire   . . .        q - +0 broad axe
rCold   + . .        b - +0 buckler
rNeg    . . .        (helmet restricted)
rPois   .            (no amulet)
rElec   .            v - ring of protection from cold
rCorr   .            (no ring)
SInv    .            (no ring)
Will    .....        (no ring)
Stlth   ++           (no ring)
HPRegen 0.27/turn    (no ring)
MPRegen 0.10/turn    (no ring)
                     (no ring)

%: no passive effects
@: mighty
A: almost no armour, amphibious, 8 rings, camouflage 1, gelatinous body 1,
(nimble swimmer 1), tentacles
a: no special abilities


You were on level 5 of the Dungeon.
You visited 1 branch of the dungeon, and saw 6 of its levels.

You collected 289 gold pieces.
You spent 110 gold pieces at shops.

Inventory:

Hand Weapons
 a - a +0 war axe
 q - a +0 broad axe (weapon)
Missiles
 u - 3 poisoned darts
Armour
 b - a +0 buckler (worn)
Jewellery
 v - a ring of protection from cold (left tentacle)
Scrolls
 d - 2 scrolls of immolation {unknown}
 e - a scroll of fog {unknown}
 f - a scroll of identify {unknown}
 j - 2 scrolls of acquirement {unknown}
 l - a scroll of poison {unknown}
 p - a scroll of fear {unknown}
 r - a scroll of noise {unknown}
Potions
 g - a potion of cancellation {unknown}
 h - 3 potions of curing {unknown}
 i - 5 potions of brilliance {unknown}
 k - 2 potions of haste {unknown}
 m - 2 potions of degeneration {unknown}
 n - a potion of ambrosia {unknown}
 o - 4 potions of heal wounds {unknown}
 s - 2 potions of enlightenment {unknown}
 t - a potion of mutation {unknown}
 w - a potion of attraction {unknown}
 x - 2 potions of berserk rage {unknown}


   Skills:
 * Level 3.5 Fighting
 * Level 7.7 Axes
 - Level 3.0 Dodging
 * Level 3.3 Shields


You had 6 spell levels left.
You didn't know any spells.
Your spell library contained the following spells:

 Spells                   Type           Power      Damage    Failure   Level
 Necrotise                Necr           0%         1d4       43%         1
 Sublimation of Blood     Necr           0%         N/A       58%         2
 Wereblood                Tmut           0%         N/A       58%         2
 Vampiric Draining        Necr           0%         2d6       82%         3
 Agony                    Necr           0%         N/A       100%        5
 Summon Forest            Summ/Tloc      0%         N/A       100%        5
 Eringya's Noxious Bog    Tmut/Pois      0%         4d6       100%        6
 Summon Hydra             Summ           0%         N/A       100%        7


Dungeon Overview and Level Annotations

Branches:
Dungeon (6/15)
 Temple: D:4-7

Altars:
Ru

Shops:
D:2 (   D:5 *

Portals:
Abyss: D:3

Annotations:
D:3 2 transporters, Kurtz's ghost, amateur OpFi


Innate Abilities, Weirdness & Mutations

You cannot wear most types of armour.
You are amphibious.
You can wear up to eight rings at the same time.
Your skin changes colour to match your surroundings (Stealth+).
Your rubbery body absorbs attacks. (AC +1, EV +1)
((You are camouflaged when in or above water. (Stealth+)))
You have tentacles for arms and can constrict up to eight enemies at once.


Message History

An orc wizard is nearby!
An orc wizard and an ogre come into view.
The orc wizard is wielding a +3 dagger of speed.
The orc wizard moves out of view.
An orc comes into view. It is wielding a +1 antimagic hand axe.
Found a scroll labelled KIP LOFUADESE.
The orc shouts!
The ogre shouts!
The orc wizard casts a spell at you. The magic dart hits you.
An orc comes into view. It is wielding a +0 trident.
The orc wizard points at you and mumbles some strange words.
The magic dart hits you.
The orc wizard shouts!
You closely miss the orc wizard. Your grab misses the orc wizard.
You tentacle-slap the orc wizard, but do no damage.
You block the orc wizard's attack.
You hit the orc wizard. Your grab misses the orc wizard.
The orc wizard is moderately wounded.
The orc wizard hits you but does no damage.
You block the ogre's attack.
The orc wizard hits you with a +0 dagger.
Unknown command.
Unknown command.
You hit the ogre but do no damage. You squeeze the ogre.
The ogre is lightly wounded.
You slash the orc wizard! You barely miss the orc wizard.
The orc wizard gestures at you while chanting.
The puff of flame misses you.
The orc wizard casts a spell.
The orc wizard flickers and vanishes!
Deactivating autopickup; reactivate with Ctrl-A.
The orc misses you.
Unknown command.
You feel very mighty all of a sudden.
The ogre hits you with a +0 giant club!!
Ouch! That really hurt!
* * * LOW HITPOINT WARNING * * *
You block the orc's attack.
The orc wizard hits you with a +0 dagger.
You die...

.(..#####........##
..................#
...................
...............#...
#....#######...####
#...## #...# ....#
#...### ....##
##.....###..## .....#
#.....@.o....# .......#
#......oOo....#
...................###..
.....................
......................
....................###
...... #########?.##
...... ..# ......


You could see an ogre, an orc wizard and 2 orcs.

Vanquished Creatures
  An ice beast (D:5)
  2 phantoms (D:5)
  A scorpion (D:4)
  An orc priest (D:3)
  4 hounds
  An iguana (D:5)
  A sleepcap (D:5)
  6 adders
  A gnoll (D:1)
  3 worms
  3 dart slugs
  11 orcs
  5 bats
  5 endoplasms
  A giant cockroach (D:4)
  5 goblins
  6 hobgoblins
  4 kobolds
  4 quokkas
  2 ball pythons (D:1)
  2 frilled lizards
  6 rats
75 creatures vanquished.

Notes
Turn   | Place    | Note
-------+----------+-------------------------------------------
     0 | D:1      | Kurtz the Octopode Fighter began the quest for the Orb.
     0 | D:1      | Reached XP level 1. HP: 16/16 MP: 1/1
   112 | D:1      | Reached XP level 2. HP: 21/21 MP: 2/2
   120 | D:1      | Reached skill level 3 in Axes
   231 | D:1      | Reached XP level 3. HP: 26/26 MP: 3/3
   443 | D:2      | Found Wayzaini's Weapon Shop.
   819 | D:2      | Reached skill level 4 in Axes
  1016 | D:2      | Reached XP level 4. HP: 31/31 MP: 4/4
  1411 | D:3      | Found a faded altar of an unknown god.
  1432 | D:3      | Found a transporter.
  1578 | D:3      | Found a one-way gate to the infinite horrors of the Abyss.
  1578 | D:3      | Noticed Kurtz's ghost (amateur OpFi)
  1612 | D:3      | Reached skill level 5 in Axes
  1612 | D:3      | Reached XP level 5. HP: 36/36 MP: 5/5
  1704 | D:3      | Found a transporter.
  1872 | D:3      | Noticed a small abomination
  2107 | D:4      | Reached skill level 6 in Axes
  2117 | D:4      | Reached XP level 6. HP: 32/42 MP: 6/6
  2409 | D:4      | Found a sacrificial altar of Ru.
  2948 | D:5      | Entered Level 5 of the Dungeon
  3021 | D:6      | Noticed a black bear
  3062 | D:5      | Found Wimaxoc's Assorted Antiques.
  3069 | D:5      | Bought a notched iron ring for 110 gold pieces
  3082 | D:5      | Reached skill level 7 in Axes
  3142 | D:5      | Reached XP level 7. HP: 33/46 MP: 7/7
  3685 | D:5      | HP: 1/46 [ogre/+0 giant club (31)]
  3685 | D:5      | Slain by an orc wizard

Illustrated notes

Levels and vault maps discovered:
D:1:      zelgadis_glass_arrival_small, layout_rooms
D:2:      layout_basic, serial_shops, nicolae_diamond_shop, serial_curves,
          eino_curves_02, eino_curves_03, eino_curves_01, eino_curves_01
D:3:      layout_basic, gammafunk_ghost_abyssal_escape,
          dreamdust_ecumenical_altar_angels_and_demons,
          hangedman_decor_clover_reticule, serial_bayou_lagoon_a
D:4:      layout_loops_cross, nicolae_overflow_crystal_walls,
          hangedman_abyss_or_decor_slice
D:5:      layout_layer_cave, serial_shops, nicolae_shop_statue_plus,
          st_stairs_1, minmay_misc_feat_square
D:6:      minmay_flawed_box, layout_cave_pools,
          chequers_temple_overflow_minitemple, marbit_many_paths,
          minmay_temple_entry_statues, st_stairs_7, serial_park_tiny_1,
          uniq_prince_ribbit1, uniq_duvessa, uniq_eustachio, uniq_sigmund,
          uniq_maggie

Skill      XL: |  1  2  3  4  5  6 |
---------------+-------------------+-----
Axes           | 3 4 5 6 7 |  7.7
Fighting       | |  3.5
Dodging        | |  3.0
Shields        | |  3.3

Action                     |  1- 3 |  4- 6 |  7- 9 || total
---------------------------+-------+-------+-------++-------
  Melee: War axe           |    37 |    57 |       ||    94
         Constrict         |    10 |    23 |     2 ||    35
         Tentacles         |     7 |    20 |     5 ||    32
         Broad axe         |       |    35 |    22 ||    57
         Punch             |       |       |     1 ||     1
    Use: Potion            |       |       |     1 ||     1
   Stab: Sleeping          |     9 |     4 |     2 ||    15
 Armour: Skin              |    11 |    33 |    11 ||    55
  Dodge: Dodged            |    18 |    46 |    11 ||    75
  Block: Buckler           |     6 |    10 |     7 ||    23

Table legend: (Time is in decaauts)
 A = Elapsed time spent in this place.
 B = Non-inter-level travel time spent in this place.
 C = Inter-level travel time spent in this place.
 D = Time resting spent in this place.
 E = Time spent auto-exploring this place.
 F = Levels seen in this place.
 G = Mean time per level.
                   A        B        C        D        E       F      G
               +--------+--------+--------+--------+--------+-----+--------+
         Total |   3732 |   3527 |    205 |    131 |   2871 |   6 |  622.0 |
       Dungeon |   3732 |   3527 |    205 |    131 |   2871 |   6 |  622.0 |
               +--------+--------+--------+--------+--------+-----+--------+

Top non-repeatable levels by time:
     D:2: 898 daAuts
     D:4: 853 daAuts
     D:3: 796 daAuts
     D:5: 746 daAuts
     D:1: 436 daAuts
     D:6: 1 daAuts
